 Dungeon Sprint DCSS version 0.20.1-1-g8b1a95d (webtiles) character file.

128430 groucho the Impregnable (level 17, -26/132 HPs)
             Began as a Halfling Fighter on Oct 29, 2017.
             Was a High Priest of Qazlal.
             Shot themself with a blast of ice (61 damage)
             ... in the Dungeon (Sprint V: "Ziggurat Sprint").
             The game lasted 00:18:01 (3861 turns).

groucho the Impregnable (Halfling Fighter)          Turns: 3861, Time: 00:18:02

Health: -26/132    AC: 42    Str: 27    XL:     17   Next: 58%
Magic:  16/41      EV: 19    Int: 11    God:    Qazlal [*****.]
Gold:   0          SH: 47    Dex: 16    Spells: 16/16 levels left

rFire    . . .     SeeInvis .   m - +6 shillelagh "Devastator" {shatter}
rCold    . . .     Gourm    .   c - +18 shield of the Gong {rElec rN+ MR+ EV-5}
rNeg     + . .     Faith    .   b - +15 Maxwell's patent armour {-Cast -Tele rElec MR+ rCorr}
rPois    .         Spirit   .   (no helmet)
rElec    +         Reflect  +   T - +1 cloak {MR+}
rCorr    +         Harm     .   (no gloves)
MR       +++++     NoTele   +   (no boots) Stlth ..........NoCast +
                                W - +3 amulet of reflection
Regen    0.4/turn               G - +6 ring of strength
MPRegen  0.3/turn               F - ring of Rinolu {MR+ MP+9 Int+4}

@: protected from physical damage, studying Polearms, repel missiles
A: mutation resistance 1
a: Upheaval, Elemental Force, Disaster Area, Renounce Religion


You were in the Dungeon.
You worshipped Qazlal.
Qazlal was extremely pleased with you.
You were not hungry.

You visited 1 branch

Inventory:

Hand Weapons
 a - a +5 fustibalus of velocity
 l - the +8 lance "Wyrmbane" {slay drac, rPois rF+ rC+ AC+3}
   (You found it in the Dungeon)

   It affects your AC (+3).
   It protects you from fire.
   It protects you from cold.
   It protects you from poison.
 m - the +6 shillelagh "Devastator" (weapon) {shatter}
   (You found it in the Dungeon)
 Q - the +6 fustibalus of False Hope {flame, MR- Int+5 Dex+4}
   (You found it in the Dungeon)

   It causes projectiles fired from it to burn those they strike, causing extra
   injury to most foes and up to half again as much damage against particularly
   susceptible opponents.
   It affects your intelligence (+5).
   It affects your dexterity (+4).
   It affects your resistance to hostile enchantments.
Armour
 b - the +15 Maxwell's patent armour (worn) {-Cast -Tele rElec MR+ rCorr}
   (You found it in the Dungeon)

   It insulates you from electricity.
   It affects your resistance to hostile enchantments.
   It prevents spellcasting.
   It prevents most forms of teleportation.
   It protects you from acid and corrosion.
 c - the +18 shield of the Gong (worn) {rElec rN+ MR+ EV-5}
   (You found it in the Dungeon)

   It affects your evasion (-5).
   It insulates you from electricity.
   It protects you from negative energy.
   It affects your resistance to hostile enchantments.
 n - +5 gold dragon scales
 T - a +1 cloak of magic resistance (worn)
Jewellery
 D - a +6 ring of dexterity
 E - a +6 ring of intelligence
 F - the ring of Rinolu (right hand) {MR+ MP+9 Int+4}
   (You found it in the Dungeon)

   [ring of protection from magic]

   It affects your intelligence (+4).
   It affects your resistance to hostile enchantments.
   It affects your magic capacity (+9).
 G - a +6 ring of strength (left hand)
 V - the ring "Qexuyteu" {+Inv Str+2 Dex+2}
   (You found it in the Dungeon)

   [ring of strength]

   It affects your strength (+2).
   It affects your dexterity (+2).
   It lets you turn invisible.
 W - a +3 amulet of reflection (around neck)
Wands
 I - a wand of disintegration (7/24)
 J - a wand of iceblast (5/15)
 K - a wand of lightning (5/15)
 L - a wand of acid (5/15)
Scrolls
 k - 4 scrolls of blinking
 t - 4 scrolls of amnesia
 u - 3 scrolls of recharging
 v - 7 scrolls of fog
 w - 2 scrolls of holy word
 x - 5 scrolls of identify
 y - 5 scrolls of remove curse
 z - 2 scrolls of fear
 P - 2 scrolls of brand weapon
 S - 4 scrolls of enchant weapon
Potions
 d - 7 potions of might
 e - 10 potions of curing
 g - 10 potions of heal wounds
 h - 10 potions of haste
 i - 6 potions of magic
 j - 3 potions of berserk rage
 o - 2 potions of brilliance
 p - 2 potions of invisibility
 q - 4 potions of resistance
 r - a potion of experience
 s - 6 potions of agility
 N - a potion of flight {unknown}
 U - a potion of lignification {unknown}
Books
 C - a manual of Polearms
Comestibles
 f - 4 bread rations
 A - 42 fruits
 B - 3 meat rations
 Y - 3 royal jellies


   Skills:
 + Level 17.1 Fighting
 + Level 15.2 Maces & Flails
 - Level 1.7 Polearms
 - Level 16.2 Slings
 * Level 24.1 Armour
 * Level 19.2 Dodging
 * Level 24.1 Shields
 * Level 23.8 Invocations


You had 16 spell levels left.
You didn't know any spells.

Dungeon Overview and Level Annotations

Branches:
Dungeon (1/1)

Altars:
Ashenzari
Cheibriados
Dithmenos
Elyvilon
Fedhas
Gozag
Hepliaklqana
Kikubaaqudgha
Makhleb
Nemelex Xobeh
Okawaru
Qazlal
Ru
Sif Muna
Trog
Uskayaw
Vehumet
Xom
Yredelemnul
Zin
The Shining One
Beogh
Jiyva
Lugonu


Innate Abilities, Weirdness & Mutations

You are small and have problems with some larger weapons.
You are somewhat resistant to further mutation.


Message History

You kill the gelid demonspawn!
Qazlal accepts your kill.
Voeroi is struck by lightning.
You block Voeroi's attack.
GONNNNG!
The Ice Fiend calls on the powers of darkness!
Your body is wracked with pain!
* * * LOW HITPOINT WARNING * * *
Unknown command.
Unknown command.
Aiming: Upheaval
Press: ? - help, Dir - move target cursor, p - rust devil That beam is likely to hit you.
Continue anyway?
A blizzard blasts the area with ice!
The blast of ice hits Voeroi.
Voeroi is almost dead.
The blast of ice hits the rust devil.
The rust devil partially resists.
You kill the rust devil!
Qazlal accepts your kill. The blast of ice hits you!
You die...

.)≈.≈.≈.≈≈.≈≈..▓..▓.....
1.....≈.......≈▓........
.≈......2≈...≈.▓........
.≈≈.≈§.1....≈..▓▓▓▓▓▓▓▓▓
▓...&...▓ . ▓▓≈≈.§.▓▓ .
...▓.≈§.§..▓...
......§&≈§.....
.....§.@≈§.....
▓▓▓▓▓▓▓▓▓▓▓▓▓▓▓


You could see Qiuth, Voeroi, an Ice Fiend and a cacodemon.

Vanquished Creatures
  13 pandemonium lords (D)
  A Brimstone Fiend (D)
  An Ice Fiend (D)
  2 quicksilver dragons (D)
  An Executioner (D)
  A shadow dragon (D)
  A thorn hunter (D)
  2 iron dragons (D)
  A balrug (D)
  A ghoul (D)
  A blood saint (D)
  3 reapers (D)
  2 spriggan defenders (D)
  2 black suns (D)
  An apis (D)
  3 dire elephants (D)
  3 crystal guardians (D)
  Erolcha (D)
  A hydra (D)
  3 naga warriors (D)
  A spriggan air mage (D)
  3 catoblepae (D)
  2 dancing weapons (D)
  An anaconda (D)
  Erica (D)
  3 spriggan berserkers (D)
  A skeletal warrior (D)
  7 soul eaters (D)
  3 iron golems (D)
  A gelid demonspawn (D)
  A spriggan druid (D)
  An infernal demonspawn (D)
  A shadow demon (D)
  A flayed ghost (D)
  2 deep elf archers (D)
  A phantasmal warrior (D)
  An oklob plant (D)
  2 deep elf magi (D)
  A wolf spider (D)
  A guardian serpent (D)
  4 rust devils (D)
  A naga mage (D)
  3 spiny frogs (D)
  2 tormentors (D)
  A hellion (D)
  3 komodo dragons (D)
  4 dryads (D)
  2 rime drakes (D)
  2 red devils (D)
  2 ice devils (D)
  A polar bear (D)
  A wind drake (D)
  2 hornets (D)
  2 hippogriffs (D)
  Sigmund (D)
  A flying skull (D)
  2 air elementals (D)
  2 wraiths (D)
  3 yaks (D)
  4 shadows (D)
  A ynoxinul (D)
  A spriggan (D)
  Edmund (D)
  2 insubstantial wisps (D)
  2 nagas (D)
  Duvessa (D)
  A hell hound (D)
  9 water moccasins (D)
  2 phantoms (D)
  6 orc warriors (D)
  A necrophage (D)
  A wolf (D)
  A crocodile (D)
  Blork the orc (D)
  An earth elemental (D)
  Dowan (D)
  3 wights (D)
  2 quasits (D)
  4 orc priests (D)
  Crazy Yiuf (D)
  6 iron imps (D)
  2 orc wizards (D)
  Jessica (D)
  6 adders (D)
  3 shadow imps (D)
  3 spectral adders (D)
  4 adder zombies (D)
  3 adder skeletons (D)
  2 orcs (D)
  2 spectral bats (D)
  4 ball pythons (D)
  8 bat skeletons (D)
  6 bat zombies (D)
  2 ball python zombies (D)
  3 giant cockroach zombies (D)
  A leopard gecko skeleton (D)
  3 leopard gecko zombies (D)
  2 quokka skeletons (D)
  2 spectral ball pythons (D)
  2 spectral giant cockroaches (D)
  2 spectral leopard geckos (D)
  3 butterflies (D)
234 creatures vanquished.

Vanquished Creatures (collateral kills)
  A vampire knight (D)
  A skeletal warrior (D)
  3 shadows (D)
  An adder skeleton (D)
6 creatures vanquished.

Grand Total: 240 creatures vanquished

Notes
Turn   | Place    | Note
-------+----------+-------------------------------------------
     0 | D        | groucho the Halfling Fighter began the quest for the Orb.
     0 | D        | Reached XP level 1. HP: 15/15 MP: 1/1
    13 | D        | Found a blossoming altar of Fedhas.
    14 | D        | Found a transporter.
    14 | D        | Found a viscous altar of Jiyva.
    14 | D        | Found an ancient bone altar of Kikubaaqudgha.
    14 | D        | Found a hazy altar of Hepliaklqana.
    14 | D        | Found a corrupted altar of Lugonu.
    14 | D        | Found an opulent altar of Gozag.
    14 | D        | Found a burning altar of Makhleb.
    19 | D        | Found an iron altar of Okawaru.
    19 | D        | Found a stormy altar of Qazlal.
    19 | D        | Found a sparkling altar of Nemelex Xobeh.
    19 | D        | Found a sacrificial altar of Ru.
    19 | D        | Found a deep blue altar of Sif Muna.
    79 | D        | Found a bloodstained altar of Trog.
   106 | D        | Became a worshipper of Qazlal Stormbringer
   121 | D        | Entered arena 2.
   121 | D        | Noticed a phantom
   121 | D        | Found a transporter.
   140 | D        | Killed a phantom
   140 | D        | Reached skill level 5 in Armour
   140 | D        | Reached skill level 5 in Shields
   140 | D        | Reached XP level 2. HP: 9/20 MP: 1/5
   140 | D        | Reached XP level 3. HP: 11/25 MP: 1/6
   140 | D        | Reached XP level 4. HP: 14/30 MP: 1/7
   376 | D        | Entered arena 3.
   376 | D        | Noticed a ynoxinul
   376 | D        | Found a transporter.
   379 | D        | Reached * piety under Qazlal
   379 | D        | Reached skill level 5 in Invocations
   379 | D        | Reached XP level 5. HP: 35/35 MP: 8/8
   383 | D        | Killed a ynoxinul
   383 | D        | Reached XP level 6. HP: 41/41 MP: 8/11
   396 | D        | Entered arena 4.
   396 | D        | Found a transporter.
   401 | D        | Reached ** piety under Qazlal
   403 | D        | Reached *** piety under Qazlal
   418 | D        | Identified Poelauqi's Tome of Mutagenic Clay (You found it in the Dungeon)
   420 | D        | Entered arena 5.
   420 | D        | Noticed an air elemental
   420 | D        | Noticed an insubstantial wisp
   420 | D        | Noticed an air elemental
   420 | D        | Noticed an insubstantial wisp
   420 | D        | Found a transporter.
   428 | D        | Killed an air elemental
   428 | D        | Reached skill level 10 in Slings
   428 | D        | Reached XP level 7. HP: 37/45 MP: 11/13
   430 | D        | Killed an air elemental
   433 | D        | Killed an insubstantial wisp
   433 | D        | Reached XP level 8. HP: 43/51 MP: 11/14
   446 | D        | Reached **** piety under Qazlal
   446 | D        | Reached skill level 10 in Armour
   446 | D        | Reached skill level 10 in Shields
   670 | D        | Entered arena 6.
   670 | D        | Found a transporter.
   681 | D        | Reached ***** piety under Qazlal
   683 | D        | Reached skill level 10 in Invocations
   861 | D        | Entered arena 7.
   866 | D        | Found a transporter.
   867 | D        | Reached XP level 9. HP: 55/55 MP: 4/16
   953 | D        | Entered arena 8.
   953 | D        | Noticed a glaive of flaming
   953 | D        | Noticed a deep elf archer
   953 | D        | Noticed a deep elf mage
   953 | D        | Noticed a deep elf archer
   953 | D        | Noticed a scimitar of slicing
   953 | D        | Noticed a deep elf mage
   955 | D        | Killed a deep elf archer
   955 | D        | Killed a deep elf archer
   955 | D        | Killed a scimitar of slicing
   955 | D        | Reached skill level 15 in Slings
   955 | D        | Reached XP level 10. HP: 61/61 MP: 12/19
   955 | D        | Killed a deep elf mage
   958 | D        | Found a transporter.
   959 | D        | Killed a deep elf mage
   988 | D        | Killed a glaive of flaming
  1213 | D        | Entered arena 9.
  1215 | D        | Found a transporter.
  1219 | D        | Reached skill level 1 in Maces & Flails
  1249 | D        | Entered arena 10.
  1250 | D        | Found a transporter.
  1251 | D        | Reached ****** piety under Qazlal
  1413 | D        | Entered arena 11.
  1413 | D        | Noticed Sigmund
  1413 | D        | Noticed Jessica
  1413 | D        | Noticed Blork the orc
  1413 | D        | Noticed Crazy Yiuf
  1413 | D        | Noticed Dowan
  1413 | D        | Noticed Duvessa
  1413 | D        | Noticed Edmund
  1413 | D        | Noticed Erica
  1413 | D        | Noticed Erolcha
  1414 | D        | Found a transporter.
  1415 | D        | Killed Dowan
  1415 | D        | Killed Jessica
  1415 | D        | Killed Crazy Yiuf
  1415 | D        | Killed Blork the orc
  1415 | D        | Reached XP level 11. HP: 68/68 MP: 20/20
  1415 | D        | Killed Duvessa
  1415 | D        | Killed Edmund
  1415 | D        | Killed Erica
  1415 | D        | Killed Erolcha
  1415 | D        | Reached skill level 5 in Fighting
  1415 | D        | Killed Sigmund
  1473 | D        | Got the ring of Fipatere {Fire Dex+2 Slay-6 SInv Stlth+}
  1477 | D        | Got the +6 fustibalus of False Hope {flame, MR- Int+5 Dex+4}
  1513 | D        | Entered arena 12.
  1514 | D        | Noticed a flayed ghost
  1515 | D        | Killed a flayed ghost
  1571 | D        | Found a transporter.
  1579 | D        | Got the ring "Qexuyteu" {+Inv Str+2 Dex+2}
  1588 | D        | Entered arena 13.
  1588 | D        | Noticed an iron golem
  1588 | D        | Noticed a crystal guardian
  1588 | D        | Noticed an iron golem
  1588 | D        | Noticed a crystal guardian
  1589 | D        | Noticed an iron dragon
  1589 | D        | Noticed an iron dragon
  1589 | D        | Noticed a quicksilver dragon
  1589 | D        | Noticed a crystal guardian
  1589 | D        | Noticed a quicksilver dragon
  1589 | D        | Noticed an iron golem
  1590 | D        | Found a transporter.
  1591 | D        | Killed a crystal guardian
  1591 | D        | Reached skill level 5 in Maces & Flails
  1591 | D        | Killed a quicksilver dragon
  1591 | D        | Reached skill level 15 in Armour
  1591 | D        | Killed a crystal guardian
  1591 | D        | Reached skill level 15 in Shields
  1591 | D        | Reached XP level 12. HP: 60/81 MP: 21/23
  1592 | D        | Killed a quicksilver dragon
  1592 | D        | Reached skill level 15 in Invocations
  1595 | D        | Killed an iron golem
  1595 | D        | Killed an iron dragon
  1595 | D        | Killed an iron golem
  1596 | D        | Killed a crystal guardian
  1598 | D        | Killed an iron dragon
  1598 | D        | Killed an iron golem
  1946 | D        | Entered arena 14.
  1947 | D        | Noticed an anaconda
  1947 | D        | Noticed a naga warrior
  1947 | D        | Noticed a naga warrior
  1948 | D        | Noticed a naga warrior
  1955 | D        | Killed an anaconda
  1955 | D        | Reached XP level 13. HP: 84/91 MP: 13/25
  1956 | D        | Found a transporter.
  1956 | D        | Killed a naga warrior
  1963 | D        | Killed a naga warrior
  1963 | D        | Reached skill level 10 in Fighting
  1964 | D        | Killed a naga warrior
  2084 | D        | Entered arena 15.
  2085 | D        | Noticed a reaper
  2092 | D        | Found a transporter.
  2094 | D        | Killed a reaper
  2094 | D        | Reached skill level 10 in Maces & Flails
  2254 | D        | Entered arena 16.
  2254 | D        | Noticed a vampire knight
  2271 | D        | Killed a vampire knight
  2293 | D        | Found a transporter.
  2472 | D        | Entered arena 17.
  2474 | D        | Noticed a ghoul
  2481 | D        | Killed a ghoul
  2481 | D        | Reached skill level 5 in Dodging
  2482 | D        | Found a transporter.
  2602 | D        | Entered arena 18.
  2604 | D        | Noticed a reaper
  2605 | D        | Noticed a reaper
  2607 | D        | Killed a reaper
  2607 | D        | Reached XP level 14. HP: 80/101 MP: 26/26
  2615 | D        | Killed a reaper
  2621 | D        | Found a transporter.
  2879 | D        | Entered arena 19.
  2961 | D        | Noticed a shadow dragon
  2982 | D        | Killed a shadow dragon
  2984 | D        | Found a transporter.
  3060 | D        | Got the ring of the Aged Songs {Wiz rPois MR+ Int+4}
  3099 | D        | Entered arena 20.
  3103 | D        | Noticed a dire elephant
  3103 | D        | Noticed a thorn hunter
  3104 | D        | Noticed a spriggan defender
  3104 | D        | Noticed an apis
  3105 | D        | Noticed a spriggan defender
  3105 | D        | Killed a thorn hunter
  3105 | D        | Killed a spriggan defender
  3106 | D        | Killed an apis
  3106 | D        | Reached skill level 10 in Dodging
  3109 | D        | Killed a dire elephant
  3120 | D        | Killed a spriggan defender
  3128 | D        | Found a transporter.
  3460 | D        | Entered arena 21.
  3470 | D        | Noticed a dire elephant
  3472 | D        | Reached XP level 15. HP: 104/109 MP: 28/28
  3749 | D        | Found a transporter.
  3765 | D        | Got the ring of Rinolu {MR+ MP+9 Int+4}
  3832 | D        | Entered arena 22.
  3835 | D        | Noticed Qateny the pandemonium lord
  3835 | D        | Noticed Poytu the pandemonium lord
  3835 | D        | Noticed Qijor the pandemonium lord
  3835 | D        | Noticed Yheps the pandemonium lord
  3835 | D        | Noticed Muogryuj the pandemonium lord
  3836 | D        | Noticed Voeroi the pandemonium lord
  3836 | D        | Noticed Wiruitt the pandemonium lord
  3836 | D        | Noticed Zouh the pandemonium lord
  3836 | D        | Noticed Doelo the pandemonium lord
  3836 | D        | Noticed Husip the pandemonium lord
  3836 | D        | Noticed Xachi the pandemonium lord
  3836 | D        | Noticed an Executioner
  3836 | D        | Noticed Qiuth the pandemonium lord
  3836 | D        | Noticed Gufruhat the pandemonium lord
  3837 | D        | Noticed a Hell Sentinel
  3837 | D        | Noticed Fenuos the pandemonium lord
  3837 | D        | Noticed an Ice Fiend
  3837 | D        | Noticed Pagiestropn the pandemonium lord
  3837 | D        | Killed Muogryuj the pandemonium lord
  3837 | D        | Killed an Executioner
  3837 | D        | Killed Yheps the pandemonium lord
  3837 | D        | Killed Gufruhat the pandemonium lord
  3837 | D        | Killed Qijor the pandemonium lord
  3837 | D        | Killed Xachi the pandemonium lord
  3837 | D        | Reached XP level 16. HP: 120/120 MP: 30/30
  3838 | D        | Noticed Puholuza the pandemonium lord
  3840 | D        | Killed an Ice Fiend
  3840 | D        | Killed Wiruitt the pandemonium lord
  3840 | D        | Reached skill level 15 in Fighting
  3840 | D        | Reached skill level 15 in Dodging
  3841 | D        | Noticed a Brimstone Fiend
  3841 | D        | Killed Fenuos the pandemonium lord
  3842 | D        | Killed a Brimstone Fiend
  3842 | D        | Killed Husip the pandemonium lord
  3842 | D        | Killed Pagiestropn the pandemonium lord
  3842 | D        | Killed Doelo the pandemonium lord
  3842 | D        | Reached XP level 17. HP: 130/130 MP: 17/32
  3843 | D        | Noticed an Executioner
  3845 | D        | Killed Qateny the pandemonium lord
  3851 | D        | Noticed a Hell Sentinel
  3852 | D        | Killed Poytu the pandemonium lord
  3852 | D        | Reached skill level 15 in Maces & Flails
  3852 | D        | HP: 4/131 [suicidal targeting (11)]
  3859 | D        | Noticed an Ice Fiend
  3859 | D        | Killed Zouh the pandemonium lord
  3861 | D        | Shot themself with a blast of ice

Skill      XL: |  1  2  3  4  5  6  7  8  9 10 11 12 13 14 15 16 17 |
---------------+----------------------------------------------------+-----
Slings         | 6 8 10 11 13 15 16 | 16.2
Armour         | 5 6 7 8 9 10 12 13 15 16 18 19 21 23 24 | 24.1
Shields        | 5 6 7 8 9 10 12 13 15 16 18 19 21 23 24 | 24.1
Invocations    | 4 5 6 8 9 10 12 13 14 16 17 19 20 22 23 | 23.8
Fighting       | 3 7 9 11 12 14 16 17 | 17.1
Maces & Flails | 2 6 9 10 11 13 14 15 | 15.2
Dodging        | 6 11 14 17 19 | 19.2
Polearms       | |  1.7

Action                   |  1- 3 |  4- 6 |  7- 9 | 10-12 | 13-15 | 16-18 || total
-------------------------+-------+-------+-------+-------+-------+-------++-------
Melee: Shillelagh        |    13 |    17 |    30 |    41 |    90 |     6 ||   197
Invok: Upheaval          |       |       |     4 |     4 |     7 |     4 ||    19
       Disaster Area     |       |       |       |     8 |    12 |     5 ||    25
       Elemental Force   |       |       |       |       |     1 |       ||     1
  Use: Scroll            |       |     2 |     1 |       |       |       ||     3
       Potion            |       |       |       |       |       |     5 ||     5
  Eat: Chunk             |       |       |       |     2 |       |       ||     2
       Bread ration      |       |       |       |     1 |       |       ||     1
       Meat ration       |       |       |       |       |     1 |       ||     1
Armor: Plate armour      |     1 |    21 |    13 |     5 |    32 |    16 ||    88
Dodge: Dodged            |       |     4 |     3 |     2 |    14 |    13 ||    36
Block: Shield            |    14 |    43 |    60 |    54 |   177 |    45 ||   393
       Reflection        |       |       |     1 |     1 |     5 |       ||     7
